 Dungeon Crawl Stone Soup version 0.17-a0-1621-gfc7a675 (webtiles) character file.

120 Oddball22 the Digger (level 5, 0/31 HPs)
             Began as a Gargoyle Earth Elementalist on Aug 2, 2015.
             Slain by Sigmund
             ... wielding a +0 scythe
              (5 damage)
             ... on level 2 of the Dungeon.
             The game lasted 00:11:11 (3251 turns).

Oddball22 the Digger (Gargoyle Earth Elementalist)  Turns: 3251, Time: 00:11:11

Health: 0/31       AC:  9    Str: 13    XL:     5   Next: 4%
Magic:  8/8        EV: 11    Int: 15    God:
Gold:   65         SH:  0    Dex: 10    Spells: 3 memorised, 2 levels left

rFire  . . .     SeeInvis .     a - +0 whip
rCold  . . .     Clarity  .     j - +0 leather armour
rNeg   + . .     SustAt   .     (no shield)
rPois  ∞         Gourm    .     p - +1 helmet
rElec  +         Spirit   .     (no cloak)
rCorr  .         Warding  .     (no gloves)
rMut   .         Rnd*Tele +     (no boots)
MR     .....                    (no amulet)
Stlth  ++........               (no ring)
                                e - ring of teleportation (curse)

@: very slightly contaminated, not resistant to hostile enchantments, unstealthy
A: negative energy resistance 1, electricity resistance, unbreathing,
petrification resistance, rot immunity, AC +4
a: Evoke Teleportation


You were on level 2 of the Dungeon.
You were hungry.

You visited 1 branch of the dungeon, and saw 2 of its levels.

You collected 65 gold pieces.

Inventory:

Hand weapons
 a - a +0 whip (weapon)
 b - a +0 arbalest
 q - a +0 hunting sling
Missiles
 m - 116 stones (quivered)
Armour
 j - a +0 leather armour (worn)
 p - a +1 helmet (worn)
Jewellery
 e - a cursed ring of teleportation (left hand)
Scrolls
 f - a scroll of enchant weapon {unknown}
 h - 4 scrolls of identify {unknown}
 i - a scroll of remove curse {unknown}
 k - a scroll of enchant armour {unknown}
 l - a scroll of blinking {unknown}
 n - a scroll of teleportation {unknown}
Potions
 g - a potion of mutation {unknown}
Books
 c - a book of Geomancy

   Spells                             Type                      Level
   a - Sandblast                      Earth                        1
   b - Stoneskin                      Transmutation/Earth          2
   c - Passwall                       Transmutation/Earth          3
   d - Stone Arrow                    Conjuration/Earth            3
   e - Petrify                        Transmutation/Earth          4
   f - Lee's Rapid Deconstruction     Earth                        5
Comestibles
 d - a bread ration
 o - a meat ration


   Skills:
 + Level 2.6 Fighting
 * Level 1.8 Maces & Flails
 + Level 0.8 Crossbows
 + Level 2.1 Armour
 - Level 1.5 Dodging
 - Level 2.1 Stealth
 - Level 2.0 Spellcasting
 - Level 0.7 Transmutations
 + Level 4.2 Earth Magic


You had 2 spell levels left.
You knew the following spells:

 Your Spells              Type           Power        Failure   Level  Hunger
a - Sandblast             Erth           ##....       6%          1    #......
b - Stoneskin             Trmt/Erth      #.......     21%         2    ###....
c - Passwall              Trmt/Erth      #.........   38%         3    ###....


Dungeon Overview and Level Annotations

Branches:
Dungeon (2/15)

Altars:
Dithmenos
Sif Muna

Annotations:
D:2 Sigmund


Innate Abilities, Weirdness & Mutations

You are resistant to torment.
Your stone body is resilient (AC +4).
You are immune to poison.
You resist negative energy.
You are resistant to electric shocks.
You can survive without breathing.
You are immune to petrification.
You are immune to rotting.


Message History

You barely miss the adder.
The adder is severely wounded.
The adder closely misses you. Sigmund hits you with a scythe.
* * * LOW HITPOINT WARNING * * *
You closely miss the adder.
The adder is severely wounded.
The adder bites you.
* * * LOW HITPOINT WARNING * * *
Sigmund barely misses you. The adder bites you.
* * * LOW HITPOINT WARNING * * *
You closely miss the adder.
The adder is severely wounded.
The adder closely misses you.
You hit the adder but do no damage.
The adder is severely wounded.
The adder bites you but does no damage. Sigmund completely misses you.
You barely miss the adder.
The adder is severely wounded.
The adder completely misses you. Sigmund hits you with a scythe.
You die...

######## #.@S...#
##@####.## #####........#
#......####..####
#.#....##.......#
#.........#..##.#
#.#..........##.#
########.#...######.##.####
##
#............######.##....#
#.


You could see Sigmund and an adder.

Vanquished Creatures
  Terence (D:2)
  Robin (D:2)
  3 gnolls (D:2)
  A worm (D:2)
  A giant gecko (D:2)
  15 goblins
  4 hobgoblins (D:2)
  8 kobolds
  A quokka (D:2)
  7 bats
  5 giant cockroaches
  3 rats
50 creatures vanquished.

Notes
Turn   | Place    | Note
--------------------------------------------------------------
     0 | D:1      | Oddball22 the Gargoyle Earth Elementalist began the quest for the Orb.
     0 | D:1      | Reached XP level 1. HP: 10/10 MP: 3/3
   389 | D:1      | Reached skill level 1 in Fighting
   501 | D:1      | Reached XP level 2. HP: 12/16 MP: 5/5
   505 | D:1      | Learned a level 2 spell: Stoneskin
  1143 | D:1      | Reached skill level 1 in Armour
  1369 | D:2      | Found a shadowy altar of Dithmenos.
  1411 | D:2      | Found a deep blue altar of Sif Muna.
  1423 | D:2      | Reached XP level 3. HP: 17/21 MP: 6/6
  1792 | D:2      | Reached skill level 4 in Earth Magic
  2051 | D:2      | Found a faded altar to an unknown god.
  2262 | D:2      | Noticed Sigmund
  2295 | D:2      | Reached XP level 4. HP: 22/27 MP: 4/7
  2297 | D:2      | Reached skill level 1 in Maces & Flails
  2357 | D:2      | Noticed Robin
  2391 | D:2      | Killed Robin
  2587 | D:2      | Noticed Terence
  2597 | D:2      | Learned a level 3 spell: Passwall
  2632 | D:2      | Killed Terence
  2889 | D:2      | Reached XP level 5. HP: 26/31 MP: 8/8
  3251 | D:2      | Slain by Sigmund

Vault maps used:
D:1:      evilmike_arrival_home_sweet_home, feat_on_display
D:2:      lemuel_round_altar, grunt_dithmenos_smoke_and_mirrors,
          ecumenical_altar_2, uniq_robin, uniq_sigmund, uniq_terence

Action                   |  1- 3 |  4- 6 || total
-------------------------+-------+-------++-------
Melee: Short sword       |   108 |       ||   108
       Unarmed           |     2 |       ||     2
       Whip              |    56 |   131 ||   187
 Cast: Sandblast         |     9 |       ||     9
       Stoneskin         |     2 |     5 ||     7
  Use: Potion            |       |     1 ||     1
 Stab: Sleeping          |     3 |       ||     3
       Distracted        |     1 |       ||     1
  Eat: Chunk             |     3 |     3 ||     6
       Royal jelly       |     1 |       ||     1
